 Dungeon Crawl Stone Soup version 0.27-a0-1308-gc08437e49b (webtiles) character file.

Game seed: 779531256524687086

136390 hatdisgam the Thaumaturge (level 17, -6/131 HPs)
             Began as a Gnoll Wanderer on June 18, 2021.
             Was a High Priest of Cheibriados.
             Shot with a bolt by Vashnia (23 damage)
             ... on level 3 of the Snake Pit.
             The game lasted 01:19:06 (31078 turns).

hatdisgam the Thaumaturge (Gnoll Wanderer)         Turns: 31078, Time: 01:19:07

Health: -6/131     AC: 17    Str: 25    XL:     17   Next: 21%
Magic:  30/35      EV: 29    Int: 35    God:    Cheibriados [*****.]
Gold:   1340       SH:  0    Dex: 24    Spells: 10/44 levels left

rFire    . . .     SeeInvis .     - Unarmed
rCold    . . .     Faith    .   (shield currently unavailable)
rNeg     . . .     Spirit   .   (armour currently unavailable)
rPois    ∞         Reflect  .   (helmet currently unavailable)
rElec    +         Harm     .   (cloak currently unavailable)
rCorr    .         Rampage  .   (gloves currently unavailable)
Will     +++..                  (boots currently unavailable)
Stlth    +++++.....             J - amulet of Serendipity {Regen+ Slay+2}
HPRegen  1.31/turn              e - ring of the Mage {Wiz Will++ Int+3}
MPRegen  0.24/turn              s - ring of poison resistance

@: about to teleport, storm-form, flying, very slow
A: cleaving, flying, (fangs 1), strong nose, distributed training, (horns 1)
a: Blinkbolt, End Transformation, Renounce Religion, Bend Time, Temporal
Distortion, Slouch, Step From Time


You were on level 3 of the Snake Pit.
You worshipped Cheibriados.
Cheibriados was extremely pleased with you.
You were a lightning-filled tempest!
You visited 5 branches of the dungeon, and saw 27 of its levels.
You also visited: Bailey and Ice Cave.

You collected 3053 gold pieces.
You spent 1713 gold pieces at shops.

Inventory:

Hand Weapons
 a - the +8 trident of Bloody Death {venom, +Rage rElec Will- Str+4}
   (You found it on level 8 of the Dungeon)

   It poisons the flesh of those it strikes.
   It affects your strength (+4).
   It insulates you from electricity.
   It lets you go berserk.
   It decreases your willpower.
 b - the +7 sceptre of Torment (melded) {pain, torment}
   (You found it on level 4 of the Dungeon)

   In the hands of one skilled in necromantic magic, it inflicts extra damage on
   living creatures.
Missiles
 l - 2 boomerangs of dispersal
 w - 9 throwing nets (quivered)
 R - 4 atropa-tipped darts
 S - 5 curare-tipped darts
Armour
 g - a +0 cloak (melded)
 n - a +0 pair of boots (melded)
 z - the +2 ring mail "Uvanee" {Str+4}
   (You bought it in a shop on level 2 of the Orcish Mines)

   It affects your strength (+4).
 D - a +3 scale mail of cold resistance (melded)
 G - a +1 pair of gloves of archery (melded)
Jewellery
 e - the ring of the Mage (left hand) {Wiz Will++ Int+3}
   (You bought it in a shop on level 2 of the Orcish Mines)

   [ring of wizardry]

   It improves your spell success rate.
   It affects your intelligence (+3).
   It greatly increases your willpower.
 f - the necklace of Bloodlust {*Rage +Rage Will++ Int-3 Slay+6}
   (You found it on level 6 of the Lair of Beasts)

   [amulet of nothing]

   It affects your intelligence (-3).
   It affects your accuracy and damage with ranged weapons and melee attacks
   (+6).
   It lets you go berserk.
   It may make you go berserk in combat.
   It greatly increases your willpower.
 s - a ring of poison resistance (right hand)
 C - a ring of resist corrosion
 J - the amulet of Serendipity (around neck) {Regen+ Slay+2}
   (You acquired it on level 11 of the Dungeon)

   [amulet of regeneration]

   It affects your accuracy and damage with ranged weapons and melee attacks
   (+2).
   It increases your rate of health regeneration.
 P - a ring of protection from cold
 W - a ring of magical power
 X - a ring of see invisible
Wands
 c - a wand of mindburst (31)
 k - a wand of iceblast (40)
 t - a wand of flame (34)
 y - a wand of paralysis (9)
 T - a wand of digging (13)
 Y - a wand of polymorph (4)
 Z - a wand of acid (9)
Scrolls
 i - 2 scrolls of enchant weapon
 j - a scroll of fear
 m - 2 scrolls of vulnerability
 o - 2 scrolls of fog
 v - 3 scrolls of amnesia
 x - a scroll of immolation
 E - 2 scrolls of enchant armour
 L - a scroll of summoning
 M - a scroll of identify
 N - 5 scrolls of teleportation
 V - 2 scrolls of magic mapping
Potions
 h - a potion of might
 p - 5 potions of attraction
 q - 2 potions of cancellation
 u - 2 potions of magic
 A - 2 potions of resistance
 B - a potion of flight
 F - 4 potions of lignification
 H - 6 potions of mutation
 I - 8 potions of curing
 K - 3 potions of ambrosia
 O - 3 potions of brilliance
 U - 4 potions of invisibility {unknown}
Miscellaneous
 d - a condenser vane
 r - a phantom mirror
 Q - a lightning rod (4/4)


   Skills:
 + Level 11.3 Fighting
 + Level 11.3 Short Blades
 + Level 11.3 Long Blades
 + Level 11.3 Axes
 + Level 11.3 Maces & Flails
 + Level 11.3 Polearms
 + Level 11.3 Staves
 + Level 11.3 Slings
 + Level 11.3 Bows
 + Level 11.3 Crossbows
 + Level 11.6 Throwing
 + Level 11.3 Armour
 + Level 11.3 Dodging
 + Level 11.3 Stealth
 + Level 11.3 Shields
 + Level 11.3 Unarmed Combat
 + Level 14.1 Spellcasting
 + Level 11.0 Conjurations
 + Level 9.9 Hexes
 + Level 9.7 Summonings
 + Level 9.7 Necromancy
 + Level 9.7 Translocations
 + Level 9.7 Transmutations
 + Level 9.7 Fire Magic
 + Level 9.7 Ice Magic
 + Level 9.7 Air Magic
 + Level 9.7 Earth Magic
 + Level 9.7 Poison Magic
 + Level 12.2 Invocations
 + Level 11.6 Evocations


You had 10 spell levels left.
You knew the following spells:

 Your Spells              Type           Power      Damage    Failure   Level
a - Magic Dart            Conj           100%       1d8       0%          1
b - Mephitic Cloud        Conj/Pois/Air  77%        N/A       1%          3
c - Teleport Other        Tloc           75%        N/A       1%          3
d - Freezing Cloud        Conj/Ice/Air   38%        6-21      1%          5
e - Blink                 Tloc           N/A        N/A       1%          2
f - Storm Form            Tmut/Air       37%        N/A       11%         7
g - Summon Lightning Spi  Summ/Air       75%        N/A       1%          4
h - Statue Form           Tmut/Erth      50%        N/A       1%          6
i - Stone Arrow           Conj/Erth      100%       3d13      1%          3

Your spell library contained the following spells:

 Spells                   Type           Power      Damage    Failure   Level
 Animate Skeleton         Necr           100%       N/A       1%          1
 Apportation              Tloc           100%       N/A       1%          1
 Corona                   Hex            84%        N/A       1%          1
 Pain                     Necr           100%       1d9       1%          1
 Summon Small Mammal      Summ           100%       N/A       1%          1
 Call Imp                 Summ           75%        N/A       1%          2
 Corpse Rot               Necr/Air       N/A        N/A       1%          2
 Ensorcelled Hibernation  Hex/Ice        100%       N/A       1%          2
 Slow                     Hex            76%        N/A       1%          2
 Sublimation of Blood     Necr           37%        N/A       1%          2
 Call Canine Familiar     Summ           75%        N/A       1%          3
 Confusing Touch          Hex            76%        N/A       1%          3
 Conjure Flame            Conj/Fire      77%        6-21      1%          3
 Dazzling Flash           Conj/Hex       100%       N/A       1%          3
 Gell's Gravitas          Tloc           37%        N/A       1%          3
 Inner Flame              Hex/Fire       76%        N/A       1%          3
 Lesser Beckoning         Tloc           37%        N/A       1%          3
 Portal Projectile        Hex/Tloc       100%       N/A       1%          3
 Tukima's Dance           Hex            76%        N/A       1%          3
 Vampiric Draining        Necr           37%        2d11      1%          3
 Airstrike                Air            37%        N/A       1%          4
 Animate Dead             Necr           37%        N/A       1%          4
 Cause Fear               Hex            38%        N/A       1%          4
 Hailstorm                Conj/Ice       77%        3d16      1%          4
 Ice Form                 Ice/Tmut       75%        N/A       1%          4
 Iskenderun's Mystic Bla  Conj/Tloc      77%        2d15      1%          4
 Leda's Liquefaction      Hex/Erth       38%        N/A       1%          4
 Olgreb's Toxic Radiance  Pois           75%        N/A       1%          4
 Petrify                  Tmut/Erth      75%        N/A       1%          4
 Summon Ice Beast         Ice/Summ       75%        N/A       1%          4
 Agony                    Necr           75%        N/A       1%          5
 Alistair's Intoxication  Tmut/Pois      50%        N/A       1%          5
 Blade Hands              Tmut           37%        N/A       1%          5
 Irradiate                Conj/Tmut      38%        3d26      1%          5
 Metabolic Englaciation   Hex/Ice        38%        N/A       1%          5
 Summon Forest            Summ/Tloc      37%        N/A       1%          5
 Yara's Violent Unravell  Hex/Tmut       38%        3d15      1%          5
 Eringya's Noxious Bog    Tmut/Pois      37%        N/A       1%          6
 Invisibility             Hex            38%        N/A       1%          6
 Simulacrum               Ice/Necr       37%        N/A       1%          6
 Dragon Form              Tmut           37%        N/A       11%         7
 Ozocubu's Refrigeration  Ice            37%        4d12      11%         7
 Summon Hydra             Summ           37%        N/A       11%         7


Dungeon Overview and Level Annotations

Branches:
Dungeon (15/15)            Temple (1/1) D:4            Lair (6/6) D:11
 Shoals (0/4) Lair:4        Snake (3/4) Lair:2        Slime (0/5) Lair:5
    Orc (2/2) D:12            Elf (0/3) Orc:2        Vaults (0/5) D:14
 Depths (0/5) D:15         Bailey (visited)           IceCv (visited)

Altars:
Ashenzari
Cheibriados
Dithmenos
Elyvilon
Fedhas
Gozag
Hepliaklqana
Kikubaaqudgha
Makhleb
Nemelex Xobeh
Okawaru
Qazlal
Ru
Sif Muna
Trog
Uskayaw
Vehumet
Wu Jian
Xom
Yredelemnul
Zin
The Shining One
Beogh

Shops:
D:4 *   D:6 [   D:13 :   D:14 [   Orc:2 [=*(

Annotations:
D:5 exclusion: steam dragon
D:11 3 runed translucent doors, jejorda2's ghost, journeyman MfBe
D:14 1 runed translucent door, Eteoggu's ghost, journeyman FoFi
Snake:3 Vashnia
Orc:1 1 transporter, 3 runed translucent doors, Lenoorr's ghost, journeyman DDFi


Innate Abilities, Weirdness & Mutations

You are a lightning-filled tempest!
Your stormy fists strike out in all directions at once.
You are incredibly evasive.
You are flying.
You are immune to poison.
Your armour is entirely melded.
You are incapable of wielding weapons or throwing items.
((You have very sharp teeth.))
Your uncanny sense of smell can sniff out nearby items.
Your experience applies equally to all skills.
((You have a pair of small horns on your head.))


Message History

Unknown command.
You are too injured to fight recklessly!
Unknown command.
The naga sharpshooter shoots a bolt.
The bolt completely misses you.
The naga sharpshooter shoots a bolt.
The bolt hits you!
* * * LOW HITPOINT WARNING * * *
You hear an angry hiss. x2
You batter the naga sharpshooter!!
The naga sharpshooter is moderately wounded.
The naga sharpshooter shoots a bolt.
The bolt completely misses you.
Unknown command.
You hit the naga sharpshooter.
Lightning courses through the naga sharpshooter!
You punch the naga sharpshooter, but do no damage.
The naga sharpshooter is moderately wounded.
The naga sharpshooter mumbles some strange words.
The naga sharpshooter magically shoots a bolt.
The bolt hits you!!
* * * LOW HITPOINT WARNING * * *
Vashnia points at you and mumbles some strange words.
The naga sharpshooter blinks!
The naga ritualist blinks!
Unknown command.
As you read the scroll of fear, it crumbles to dust.
You assume a fearsome visage.
The shock serpent looks frightened!
Unknown command.
As you read the scroll of teleportation, it crumbles to dust.
You feel strangely unstable.
Vashnia shoots a bolt.
The bolt closely misses you.
You hear a shout!
Unknown command.
You feel better.
Vashnia casts a spell.
Vashnia magically shoots a bolt.
The bolt hits you!
* * * LOW HITPOINT WARNING * * *
You hear an angry hiss. x2
You feel better.
You hear an angry hiss.
Vashnia mumbles some strange words.
Vashnia magically shoots a bolt.
The bolt hits you!!
You die...

##.###.#........# #
#.#..###....###. #####
##).####..###
.##.###))...#.###
#.#.#........#
#....).......## .
..............## ..
........N§N....### ...
.........N...###v####....
.............####........
.#....#.....#...#N#......
.######.........§N÷......
#####....................
....#####................
..### #.................
..# #...............##
### ##............#.#


You could see Vashnia and a naga sharpshooter.

Vanquished Creatures
  Nikola (Snake:1)
  A nagaraja (Snake:3)
  Kirke (Snake:2)
  An orc warlord (Orc:2)
  Nessos (Lair:5)
  A white draconian (IceCv)
  An ettin (D:15)
  A fire dragon (D:14)
  Harold (D:10)
  7 naga warriors
  4 vault guards (D:14)
  2 boulder beetles
  An ogre mage (D:10)
  5 centaur warriors
  3 hydras
  2 catoblepae
  A salamander tyrant (Snake:3)
  Erica (D:9)
  A death knight (D:11)
  4 anacondas
  7 two-headed ogres
  A deep troll shaman (Lair:6)
  5 death yaks
  2 shock serpents
  3 tengu warriors
  Nergalle (D:10)
  4 naga sharpshooters (Snake:3)
  A hell knight (D:15)
  Sonja (D:10)
  5 skeletal warriors (D:13)
  A sea snake (shapeshifter) (D:10)
  5 naga ritualists
  A deep troll (D:15)
  A lindwurm (Lair:6)
  2 wizards
  2 orc knights
  Pikel (D:7)
  8 mana vipers
  4 orc sorcerers (Orc:2)
  2 deep elf pyromancers
  4 cyclopes
  6 salamanders
  7 slime creatures
  16 ugly things
  A manticore (D:15)
  3 elephants (Lair:6)
  2 torpor snails
  12 naga magi
  21 black mambas
  An ice statue (IceCv)
  3 guardian serpents
  9 cane toads
  2 gargoyles
  Maggie (D:8)
  2 rime drakes
  A freezing wraith (D:14)
  Psyche (D:9)
  8 komodo dragons
  8 trolls
  22 polar bears
  3 meliai (D:14)
  Prince Ribbit (D:6)
  12 blink frogs
  3 hornets
  5 dream sheep (Lair:5)
  63 yaks
  4 hogs (Snake:2)
  5 wyverns
  2 basilisks
  A steam dragon (D:9)
  A vampire mosquito (D:14)
  7 wargs
  2 acid dragons
  28 nagas
  Duvessa (D:6)
  13 water moccasins
  6 black bears
  29 orc warriors
  An ice beast (D:6)
  3 ogres
  3 necrophages
  38 wolves
  17 centaurs
  2 kobold brigands
  2 lemures (D:7)
  A scorpion (D:7)
  11 bullfrogs
  2 gnoll sergeants
  A wyvern zombie (D:8)
  A water moccasin zombie (D:5)
  Dowan (D:6)
  4 howler monkeys
  A vampire bat (Lair:1)
  3 electric eels
  9 crimson imps (D:13)
  3 centaur zombies
  3 hounds
  5 jellies
  14 orc priests
  2 centaur skeletons
  A gnoll shaman (D:5)
  19 orc wizards
  2 iguanas (D:5)
  A killer bee zombie (D:8)
  2 human simulacra (D:11)
  2 howler monkey zombies
  28 gnolls
  6 adders
  A shadow imp (D:8)
  2 white imps (D:5)
  An adder skeleton (D:4)
  3 dart slugs
  51 orcs
  6 endoplasms
  5 giant cockroaches
  9 goblins
  16 hobgoblins
  6 jackals
  5 quokkas
  3 ball pythons
  10 bats
  5 frilled lizards
  21 kobolds
  3 rats
748 creatures vanquished.

Vanquished Creatures (collateral kills)
  Donald (Orc:2)
  A fire dragon (D:14)
  4 hydras
  An ogre mage (D:15)
  A catoblepas (Lair:6)
  A death knight (D:14)
  2 two-headed ogres (D:15)
  2 death yaks (Lair:6)
  A tengu warrior (D:15)
  2 orc knights (Orc:2)
  A lindwurm (Lair:2)
  An oklob plant (Lair:2)
  A torpor snail (Lair:5)
  A rime drake (Lair:2)
  A polar bear (Lair:3)
  A blink frog (Lair:6)
  A dream sheep (Lair:5)
  2 orc warriors (Orc:2)
  A gnoll shaman (D:4)
  3 jellies (Lair:5)
  An orc wizard (D:3)
  2 gnolls (D:4)
32 creatures vanquished.

Vanquished Creatures (others)
  A death yak (IceCv)
  A wizard (D:15)
  A black mamba (Snake:3)
  2 polar bears (IceCv)
  3 dream sheep (Lair:5)
  An orc wizard (Orc:1)
  A bush (Lair:4)
  41 fungi
  77 plants
128 creatures vanquished.

Grand Total: 908 creatures vanquished

Notes
Turn   | Place    | Note
-------+----------+-------------------------------------------
     0 | D:1      | Reached skill level 9 in Spellcasting
     0 | D:1      | hatdisgam the Gnoll Wanderer began the quest for the Orb.
     0 | D:1      | hatdisgam set off with the following items: a +0 club, a +0
                  | robe; and the following spells available to memorise: Magic
                  | Dart, Slow, Apportation, Summon Small Mammal, Conjure
                  | Flame, Blink, Call Imp, Mephitic Cloud, Call Canine
                  | Familiar, Teleport Other
     0 | D:1      | Reached XP level 1. HP: 13/13 MP: 10/10
     8 | D:1      | Learned a level 1 spell: Magic Dart
   301 | D:1      | Reached XP level 2. HP: 19/19 MP: 10/12
   665 | D:1      | Found a faded altar of an unknown god.
   746 | D:1      | Reached XP level 3. HP: 25/25 MP: 8/13
  1035 | D:2      | Reached skill level 1 in Invocations
  1039 | D:2      | Learned a level 3 spell: Mephitic Cloud
  1080 | D:2      | Learned a level 3 spell: Teleport Other
  1084 | D:2      | Learned a level 3 spell: Call Canine Familiar
  1087 | D:2      | Learned a level 2 spell: Blink
  1165 | D:2      | Reached skill level 1 in Fighting
  1165 | D:2      | Reached skill level 1 in Short Blades
  1165 | D:2      | Reached skill level 1 in Long Blades
  1165 | D:2      | Reached skill level 1 in Axes
  1165 | D:2      | Reached skill level 1 in Maces & Flails
  1165 | D:2      | Reached skill level 1 in Polearms
  1165 | D:2      | Reached skill level 1 in Staves
  1165 | D:2      | Reached skill level 1 in Slings
  1165 | D:2      | Reached skill level 1 in Bows
  1165 | D:2      | Reached skill level 1 in Crossbows
  1165 | D:2      | Reached skill level 1 in Armour
  1165 | D:2      | Reached skill level 1 in Dodging
  1165 | D:2      | Reached skill level 1 in Stealth
  1165 | D:2      | Reached skill level 1 in Shields
  1165 | D:2      | Reached skill level 1 in Unarmed Combat
  1495 | D:2      | Reached XP level 4. HP: 32/32 MP: 12/15
  2609 | D:3      | Reached skill level 1 in Summonings
  2609 | D:3      | Reached skill level 1 in Necromancy
  2609 | D:3      | Reached skill level 1 in Translocations
  2609 | D:3      | Reached skill level 1 in Transmutations
  2609 | D:3      | Reached skill level 1 in Fire Magic
  2609 | D:3      | Reached skill level 1 in Ice Magic
  2609 | D:3      | Reached skill level 1 in Air Magic
  2609 | D:3      | Reached skill level 1 in Earth Magic
  2609 | D:3      | Reached skill level 1 in Poison Magic
  2651 | D:3      | Reached XP level 5. HP: 37/37 MP: 16/16
  3534 | D:4      | Found the +7 sceptre of Torment {pain, torment}
  3536 | D:4      | Found Ecraun's Elemental Accessories.
  3590 | D:4      | Found a staircase to the Ecumenical Temple.
  3681 | Temple   | Entered the Ecumenical Temple
  3800 | Temple   | Became a worshipper of Cheibriados the Contemplative
  4073 | D:4      | Reached XP level 6. HP: 37/44 MP: 18/18
  4487 | D:5      | Entered Level 5 of the Dungeon
  4728 | D:5      | Noticed a steam dragon
  4835 | D:5      | Noticed a black bear
  4848 | D:5      | Killed a black bear
  4849 | D:5      | Reached XP level 7. HP: 43/51 MP: 14/20
  5476 | D:5      | Found a shimmering altar of Xom.
  5625 | D:5      | Found a shadowy altar of Dithmenos.
  5625 | D:5      | Found a hide-covered altar of Uskayaw.
  6200 | D:6      | Noticed Prince Ribbit
  6211 | D:6      | Killed Prince Ribbit
  6212 | D:6      | Reached XP level 8. HP: 58/58 MP: 17/21
  6337 | D:6      | Reached * piety under Cheibriados
  6502 | D:6      | Noticed Dowan
  6512 | D:6      | Noticed Duvessa
  6636 | D:6      | Found a burning altar of Makhleb.
  6932 | D:6      | Found Plog's Antique Armour Boutique.
  6935 | D:6      | Bought a runed scale mail for 133 gold pieces
  7112 | D:6      | Found a basalt altar of Yredelemnul.
  7185 | D:6      | Killed Dowan
  7255 | D:6      | Killed Duvessa
  7402 | D:6      | Bought a pair of runed gloves for 142 gold pieces
  7474 | D:7      | Found a glowing golden altar of the Shining One.
  7496 | D:7      | Noticed a hornet
  7503 | D:7      | Killed a hornet
  7504 | D:7      | Reached skill level 10 in Spellcasting
  7568 | D:7      | Reached XP level 9. HP: 37/65 MP: 21/23
  7711 | D:7      | Found a flagged portal.
  7750 | Bailey   | Entered a bailey
  7831 | Bailey   | Reached ** piety under Cheibriados
  8125 | Bailey   | Noticed an orc knight
  8135 | Bailey   | HP: 3/65 [orc knight (23)]
  8148 | Bailey   | Gained mutation: You have a pair of small horns on your
                  | head. [potion of mutation]
  8165 | Bailey   | Killed an orc knight
  8166 | Bailey   | Reached skill level 5 in Throwing
  8166 | Bailey   | Reached skill level 5 in Evocations
  9277 | D:8      | Noticed Pikel
  9303 | D:7      | Killed Pikel
  9304 | D:7      | Reached skill level 5 in Invocations
  9519 | D:8      | Found a bloodstained altar of Trog.
  9524 | D:8      | Reached *** piety under Cheibriados
  9620 | D:8      | Reached XP level 10. HP: 73/73 MP: 22/24
  9733 | D:8      | Identified the +8 trident of Bloody Death {venom, +Rage
                  | rElec Will- Str+4}
  9783 | D:8      | Noticed Maggie
  9790 | D:8      | Killed Maggie
  9791 | D:8      | Reached skill level 5 in Fighting
  9791 | D:8      | Reached skill level 5 in Short Blades
  9791 | D:8      | Reached skill level 5 in Long Blades
  9791 | D:8      | Reached skill level 5 in Axes
  9791 | D:8      | Reached skill level 5 in Maces & Flails
  9791 | D:8      | Reached skill level 5 in Polearms
  9791 | D:8      | Reached skill level 5 in Staves
  9791 | D:8      | Reached skill level 5 in Slings
  9791 | D:8      | Reached skill level 5 in Bows
  9791 | D:8      | Reached skill level 5 in Crossbows
  9791 | D:8      | Reached skill level 5 in Armour
  9791 | D:8      | Reached skill level 5 in Dodging
  9791 | D:8      | Reached skill level 5 in Stealth
  9791 | D:8      | Reached skill level 5 in Shields
  9791 | D:8      | Reached skill level 5 in Unarmed Combat
 10238 | D:9      | Noticed a two-headed ogre
 10255 | D:9      | Killed a two-headed ogre
 10603 | D:9      | Reached skill level 5 in Hexes
 10867 | D:9      | Noticed Erica
 10881 | D:9      | Killed Erica
 11330 | D:9      | Reached **** piety under Cheibriados
 11568 | D:9      | Reached XP level 11. HP: 76/81 MP: 21/25
 11697 | D:9      | Noticed Psyche
 11707 | D:9      | Killed Psyche
 11881 | D:10     | Entered Level 10 of the Dungeon
 11881 | D:10     | Noticed a two-headed ogre
 11887 | D:10     | Killed a two-headed ogre
 11888 | D:10     | Reached skill level 11 in Spellcasting
 11888 | D:10     | Reached skill level 5 in Summonings
 11888 | D:10     | Reached skill level 5 in Necromancy
 11888 | D:10     | Reached skill level 5 in Translocations
 11888 | D:10     | Reached skill level 5 in Transmutations
 11888 | D:10     | Reached skill level 5 in Fire Magic
 11888 | D:10     | Reached skill level 5 in Ice Magic
 11888 | D:10     | Reached skill level 5 in Air Magic
 11888 | D:10     | Reached skill level 5 in Earth Magic
 11888 | D:10     | Reached skill level 5 in Poison Magic
 12175 | D:10     | Noticed a green ugly thing
 12177 | D:10     | Noticed an ogre mage
 12177 | D:10     | Noticed a deep elf pyromancer
 12177 | D:10     | Noticed Nergalle
 12207 | D:10     | Killed a deep elf pyromancer
 12211 | D:10     | Killed an ogre mage
 12310 | D:10     | Killed a green ugly thing
 12412 | D:10     | Noticed a shining eye
 12413 | D:10     | Noticed a shock serpent
 12413 | D:10     | a shining eye changed into a shock serpent
 12415 | D:10     | Noticed a moth of wrath
 12415 | D:10     | a shock serpent changed into a moth of wrath
 12420 | D:10     | a moth of wrath changed into a water nymph
 12652 | D:10     | Noticed a sea snake
 12652 | D:10     | a snapping turtle changed into a sea snake
 12658 | D:10     | Killed a sea snake
 12813 | D:10     | Killed Nergalle
 12819 | D:10     | Learned a level 4 spell: Summon Ice Beast
 13015 | D:10     | Noticed Sonja
 13016 | D:10     | Noticed Harold
 13029 | D:10     | Killed Sonja
 13205 | D:10     | Noticed a two-headed ogre
 13217 | D:10     | Killed Harold
 13219 | D:10     | Killed a two-headed ogre
 13514 | D:11     | Noticed a two-headed ogre
 13521 | D:11     | Killed a two-headed ogre
 13522 | D:11     | Reached XP level 12. HP: 74/89 MP: 20/27
 13646 | D:11     | Reached ***** piety under Cheibriados
 13988 | D:11     | Noticed a death knight
 14001 | D:11     | Identified 2 scrolls of acquirement
 14001 | D:11     | Acquired A Primer on Sorcery
 14048 | D:11     | Killed a death knight
 14147 | D:11     | Acquired the amulet of Serendipity {Regen+ Slay+2}
 14250 | D:11     | Learned a level 4 spell: Summon Lightning Spire
 14347 | D:11     | Found a staircase to the Lair.
 14423 | D:11     | Found a runed translucent gate.
 14423 | D:11     | Found a runed translucent gate.
 14423 | D:11     | Found a runed translucent gate.
 14423 | D:11     | Noticed jejorda2's ghost (journeyman MfBe)
 14802 | Lair:1   | Entered Level 1 of the Lair of Beasts
 15839 | Lair:2   | Reached XP level 13. HP: 98/98 MP: 28/28
 16390 | Lair:2   | Learned a level 5 spell: Freezing Cloud
 16464 | Lair:2   | Found a staircase to the Snake Pit.
 16467 | Lair:2   | Reached ****** piety under Cheibriados
 16549 | Lair:2   | Reached skill level 12 in Spellcasting
 17127 | Lair:3   | Found a frozen archway.
 17133 | IceCv    | Entered an ice cave
 17556 | IceCv    | Noticed a white draconian
 17570 | IceCv    | Killed a white draconian
 17623 | IceCv    | Identified the +7 lajatang of Cysooli Acko {venom, Fragile
                  | rF+ rN+ SInv}
 17625 | IceCv    | Identified the Catalogue of Lethal Ignition
 18140 | Lair:3   | Reached XP level 14. HP: 100/106 MP: 30/30
 18378 | Lair:3   | Learned a level 6 spell: Statue Form
 18738 | Lair:4   | Found a staircase to the Shoals.
 18848 | Lair:4   | Learned a level 3 spell: Stone Arrow
 19594 | Lair:5   | Noticed Nessos
 19673 | Lair:5   | Killed Nessos
 19836 | Lair:5   | Reached skill level 10 in Invocations
 19869 | Lair:5   | Found a staircase to the Slime Pits.
 20637 | Lair:6   | Entered Level 6 of the Lair of Beasts
 21288 | Lair:6   | Found the necklace of Bloodlust {*Rage +Rage Will++ Int-3
                  | Slay+6}
 22292 | D:12     | Found a staircase to the Orcish Mines.
 22356 | D:12     | Reached skill level 10 in Throwing
 22356 | D:12     | Reached skill level 10 in Evocations
 22999 | Orc:1    | Entered Level 1 of the Orcish Mines
 23260 | Orc:2    | Entered Level 2 of the Orcish Mines
 23267 | Orc:2    | Noticed an orc warlord
 23274 | Orc:2    | Reached XP level 15. HP: 71/115 MP: 22/31
 23537 | Orc:2    | Noticed Donald
 23545 | Orc:2    | Killed Donald
 23546 | Orc:2    | Reached skill level 13 in Spellcasting
 23546 | Orc:2    | Killed an orc warlord
 23786 | Orc:2    | Found Jis Fukk's Antique Weapon Shoppe.
 23798 | Orc:2    | Found Osowanwo's Jewellery Boutique.
 23903 | Orc:1    | Reached skill level 10 in Conjurations
 23929 | Orc:1    | Found a transporter.
 23989 | Orc:1    | Found a runed translucent gate.
 23990 | Orc:1    | Found a runed translucent gate.
 23991 | Orc:1    | Found a runed translucent gate.
 24000 | Orc:1    | Noticed Lenoorr's ghost (journeyman DDFi)
 24036 | Orc:1    | Found an iron altar of Okawaru.
 24231 | Orc:2    | Found Huevel's Antique Armour Shoppe.
 24273 | Orc:2    | Bought a translucent ring mail for 234 gold pieces
 24273 | Orc:2    | Identified the +2 ring mail "Uvanee" {Str+4} (You bought it
                  | in a shop on level 2 of the Orcish Mines)
 24273 | Orc:2    | Bought a smelly scale mail for 234 gold pieces
 24273 | Orc:2    | Identified the +5 scale mail "Rucoim" {Dex+9 Slay-6 Stlth+}
                  | (You bought it in a shop on level 2 of the Orcish Mines)
 24275 | Orc:2    | Bought a shimmering chain mail for 247 gold pieces
 24275 | Orc:2    | Identified the +1 chain mail of the Eternal Fruit {rF++}
                  | (You bought it in a shop on level 2 of the Orcish Mines)
 24395 | Orc:2    | Found a staircase to the Elven Halls.
 24439 | Orc:2    | Found Gigis's General Store.
 24707 | Orc:2    | Bought the ring of the Mage {Wiz Will++ Int+3} for 723 gold
                  | pieces
 24707 | Orc:2    | Found the ring of the Mage {Wiz Will++ Int+3}
 24899 | D:13     | Found Aclyov's Book Shoppe.
 25148 | D:13     | Reached skill level 10 in Fighting
 25148 | D:13     | Reached skill level 10 in Short Blades
 25148 | D:13     | Reached skill level 10 in Long Blades
 25148 | D:13     | Reached skill level 10 in Axes
 25148 | D:13     | Reached skill level 10 in Maces & Flails
 25148 | D:13     | Reached skill level 10 in Polearms
 25148 | D:13     | Reached skill level 10 in Staves
 25148 | D:13     | Reached skill level 10 in Slings
 25148 | D:13     | Reached skill level 10 in Bows
 25148 | D:13     | Reached skill level 10 in Crossbows
 25148 | D:13     | Reached skill level 10 in Armour
 25148 | D:13     | Reached skill level 10 in Dodging
 25148 | D:13     | Reached skill level 10 in Stealth
 25148 | D:13     | Reached skill level 10 in Shields
 25148 | D:13     | Reached skill level 10 in Unarmed Combat
 25881 | D:14     | Found Roleyp's Armour Shoppe.
 25982 | D:14     | Found a runed translucent door.
 26006 | D:14     | Found a shimmering altar of Xom.
 26006 | D:14     | Noticed Eteoggu's ghost (journeyman FoFi)
 26231 | D:14     | HP: 4/117 [death knight (23)]
 26307 | D:14     | Identified the +1 leather armour of Discretion {+Blink
                  | Regen+ Str+5 Dex-5}
 26346 | D:14     | Found a gate to the Vaults.
 26575 | D:14     | Found a sparkling altar of Nemelex Xobeh.
 26729 | D:15     | Entered Level 15 of the Dungeon
 26771 | D:15     | Reached XP level 16. HP: 122/123 MP: 25/33
 27052 | D:15     | Identified the +1 whip of Departure {vorpal, Dex+8}
 27067 | D:15     | Found a staircase to the Depths.
 27609 | D:15     | Learned a level 7 spell: Storm Form
 27613 | D:15     | Upgraded the game from 0.27-a0-1301-g128193abf8 to
                  | 0.27-a0-1308-gc08437e49b
 27814 | Snake:1  | Entered Level 1 of the Snake Pit
 27927 | Snake:1  | Identified the +8 spear "Xidghod" {holy, rCorr Str-4 Int+7}
 28060 | Snake:1  | Noticed Nikola
 28074 | Snake:1  | Killed Nikola
 28617 | Snake:2  | Noticed Kirke
 28629 | Snake:2  | Killed Kirke
 29800 | Snake:3  | Noticed a nagaraja
 29801 | Snake:3  | Noticed a nagaraja
 30078 | Snake:3  | Killed a nagaraja
 30087 | Snake:3  | Reached XP level 17. HP: 117/131 MP: 30/34
 30092 | Snake:3  | Reached skill level 14 in Spellcasting
 30214 | Snake:3  | Noticed Vashnia
 31057 | Snake:3  | HP: 6/131 [naga sharpshooter/arrow[Vashnia] (16)]
 31078 | Snake:3  | Shot with a bolt by Vashnia

Illustrated notes

Levels and vault maps discovered:
D:1:      mrwooster_arrival_statue, layout_basic, basic_ecumenical_altar,
          grunt_decor_mini_mirrors
D:2:      layout_basic, corexii_leaking_fountain, hangedman_decor_peaks_small,
          minmay_tetromino_i2
D:3:      layout_basic, chequers_decorated_corner
D:4:      layout_loops_cross, minmay_temple_entry_mist, nicolae_elemental_shop,
          corexii_corridor_pit
D:5:      minmay_evil_eye, layout_loops_ring, minitemple
D:6:      layout_basic, marbit_many_paths, lightli_temple_of_fire, serial_shops,
          kennysheep_mini_moat, uniq_prince_ribbit1, uniq_duvessa
D:7:      layout_gridville, overflow_temple_1_default, enter_bailey_5,
          nicolae_underground_beach
D:8:      layout_rooms, trog_ov_bears_minmay, supply_closet_lemuel, uniq_maggie,
          uniq_pikel
D:9:      layout_basic, hangedman_abyss_or_decor_lesser_grid, uniq_psyche,
          uniq_erica
D:10:     layout_rooms, grunt_decor_resistance, serial_bayou_pond_d,
          nrook_mini_vaults, serial_bayou_pond_a, minmay_radiant, uniq_sonja,
          uniq_nergalle, uniq_harold
D:11:     layout_loops_ring, erik_lair_orcish_takeover,
          gammafunk_ghost_necromancy, bh_circular_ruins
D:12:     layout_gridville, hiddenorc2_lemuel, serial_co_window_serial,
          co_window_corner_a, co_window_of_opportunity_a, co_window_corner_a,
          co_window_cross_1, co_window_corner_a, co_window_paths_b,
          co_window_paths_b, co_window_paths_a, co_window_corner_a,
          co_window_broadway_b, co_window_cross_4, co_window_2corner,
          co_window_2corner, minmay_misc_feat_chi, minmay_fountain_box
D:13:     layout_loops_ring, serial_shops, shop, minmay_nine_imps
D:14:     layout_cave_pools, lightli_vaults_fourway_checkpoint,
          nemelex_lonely_heart_becter, serial_shops, nicolae_diamond_shop,
          ebering_ghost_xom
D:15:     hangedman_depths_entry_civil_slaughter, layout_irregular_city,
          serial_park_fountain, grunt_decor_arrowhead
Temple:   regret_index_temple_waves
Lair:1:   layout_chaotic_city, roderic_batcave, serial_bayou_shore_b
Lair:2:   cheibrodos_lair_overgrown_chateau, layout_loops_ring,
          minmay_lair_oklob_bushes, grunt_forest_small_clearings
Lair:3:   layout_loops_ring, portal_ice_cave_entry_pillars_2,
          nicolae_volcano_entry_lava_flow, serial_bayou_shore_b
Lair:4:   layout_layer_cave, minmay_shoals_entry_centaurs, serial_bayou_shore_a
Lair:5:   layout_loops_ring, nicolae_slime_entry_slimehenge,
          nicolae_lair_yak_garden, uniq_nessos
Lair:6:   grunt_lair_end_beastmaster, layout_misc_corridors
Snake:1:  layout_rooms, grunt_ministairs_14, nicolae_snake_squiggles,
          uniq_nikola
Snake:2:  layout_chambers, uniq_kirke
Snake:3:  layout_chambers, gammafunk_ghost_split, evilmike_ambush
          [evilmike_ambush_outer_corners, evilmike_ambush_inner_pond],
          lemuel_fruit_tree, grunt_megastairs_2, uniq_vashnia
Orc:1:    emtedronai_trogs_sanctum, layout_caves, basic_altar,
          gammafunk_ghost_fury_of_okawaru, sword_in_stone
Orc:2:    grunt_orc_gardens, layout_diamond_mine, grunt_orc_garden,
          grunt_orc_garden, grunt_orc_garden, grunt_orc_garden, uniq_donald

Skill      XL: |  1  2  3  4  5  6  7  8  9 10 11 12 13 14 15 16 17 |
---------------+----------------------------------------------------+-----
Spellcasting   | 10 11 12 13 14 | 14.1
Hexes          | 2 3 4 5 6 7 8 9 |  9.9
Invocations    | 1 2 3 4 5 6 7 8 9 10 11 12 | 12.2
Fighting       | 1 2 3 4 5 6 7 8 9 10 11 | 11.3
Short Blades   | 1 2 3 4 5 6 7 8 9 10 11 | 11.3
Long Blades    | 1 2 3 4 5 6 7 8 9 10 11 | 11.3
Axes           | 1 2 3 4 5 6 7 8 9 10 11 | 11.3
Maces & Flails | 1 2 3 4 5 6 7 8 9 10 11 | 11.3
Polearms       | 1 2 3 4 5 6 7 8 9 10 11 | 11.3
Staves         | 1 2 3 4 5 6 7 8 9 10 11 | 11.3
Slings         | 1 2 3 4 5 6 7 8 9 10 11 | 11.3
Bows           | 1 2 3 4 5 6 7 8 9 10 11 | 11.3
Crossbows      | 1 2 3 4 5 6 7 8 9 10 11 | 11.3
Armour         | 1 2 3 4 5 6 7 8 9 10 11 | 11.3
Dodging        | 1 2 3 4 5 6 7 8 9 10 11 | 11.3
Stealth        | 1 2 3 4 5 6 7 8 9 10 11 | 11.3
Shields        | 1 2 3 4 5 6 7 8 9 10 11 | 11.3
Unarmed Combat | 1 2 3 4 5 6 7 8 9 10 11 | 11.3
Summonings     | 1 2 3 4 5 6 7 8 9 |  9.7
Necromancy     | 1 2 3 4 5 6 7 8 9 |  9.7
Translocations | 1 2 3 4 5 6 7 8 9 |  9.7
Transmutations | 1 2 3 4 5 6 7 8 9 |  9.7
Fire Magic     | 1 2 3 4 5 6 7 8 9 |  9.7
Ice Magic      | 1 2 3 4 5 6 7 8 9 |  9.7
Air Magic      | 1 2 3 4 5 6 7 8 9 |  9.7
Earth Magic    | 1 2 3 4 5 6 7 8 9 |  9.7
Poison Magic   | 1 2 3 4 5 6 7 8 9 |  9.7
Throwing       | 3 4 5 6 7 8 9 10 11 | 11.6
Evocations     | 3 4 5 6 7 8 9 10 11 | 11.6
Conjurations   | 6 7 8 9 10 11 | 11.0

Action                   |  1- 3 |  4- 6 |  7- 9 | 10-12 | 13-15 | 16-18 || total
-------------------------+-------+-------+-------+-------+-------+-------++-------
Melee: Dagger            |     1 |       |       |       |       |       ||     1
       Mace              |       |    48 |       |       |       |       ||    48
       Bite              |       |     6 |    14 |    40 |   117 |    31 ||   208
       Eveningstar       |       |    31 |   175 |   302 |   648 |   127 ||  1283
       Headbutt          |       |       |     9 |    69 |   214 |    47 ||   339
       Punch             |       |       |     2 |    14 |    45 |    25 ||    86
       Unarmed           |       |       |       |       |       |   133 ||   133
 Cast: Magic Dart        |    69 |    68 |    46 |    60 |     4 |       ||   247
       Call Canine Famil |       |     5 |     2 |       |       |       ||     7
       Mephitic Cloud    |       |     3 |    23 |    22 |    10 |     4 ||    62
       Blink             |       |       |     9 |     1 |     2 |       ||    12
       Summon Ice Beast  |       |       |       |     4 |    12 |       ||    16
       Summon Lightning  |       |       |       |       |    35 |     7 ||    42
       Stone Arrow       |       |       |       |       |    14 |    11 ||    25
       Storm Form        |       |       |       |       |       |    13 ||    13
       Statue Form       |       |       |       |       |       |     6 ||     6
       Freezing Cloud    |       |       |       |       |       |     2 ||     2
Invok: Slouch            |       |       |       |     2 |    13 |     3 ||    18
       Step From Time    |       |       |       |       |       |     1 ||     1
 Abil: End Transformatio |       |       |       |       |       |     1 ||     1
       Blinkbolt         |       |       |       |       |       |     1 ||     1
Evoke: Wand              |       |       |     1 |       |    10 |       ||    11
       Lightning rod     |       |       |       |     4 |       |       ||     4
  Use: Potion            |       |       |     5 |     3 |     2 |     3 ||    13
       Scroll            |       |       |     7 |     6 |    14 |     7 ||    34
 Stab: Sleeping          |       |     1 |       |     5 |     5 |     4 ||    15
       Confused          |       |       |     7 |    13 |     4 |       ||    24
       Distracted        |       |       |       |     1 |     7 |     1 ||     9
       Petrified         |       |       |       |       |     5 |       ||     5
       Petrifying        |       |       |       |       |     2 |       ||     2
Armor: Robe              |     3 |    36 |    12 |       |       |       ||    51
       Scale mail        |       |       |    70 |   143 |   283 |    21 ||   517
       Skin              |       |       |       |       |       |    57 ||    57
Dodge: Dodged            |     5 |    85 |   133 |   260 |   733 |   331 ||  1547

Table legend: (Time is in decaauts)
 A = Elapsed time spent in this place.
 B = Non-inter-level travel time spent in this place.
 C = Inter-level travel time spent in this place.
 D = Time resting spent in this place.
 E = Time spent auto-exploring this place.
 F = Levels seen in this place.
 G = Mean time per level.
                   A        B        C        D        E       F      G
               +--------+--------+--------+--------+--------+-----+--------+
         Total |  45443 |  42954 |   2489 |   3792 |  33008 |  29 | 1567.0 |
       Dungeon |  24199 |  22967 |   1232 |   1909 |  18184 |  15 | 1613.3 |
        Temple |    147 |    124 |     23 |      0 |    116 |   1 |  147.0 |
          Lair |  11235 |  10375 |    860 |    582 |   8357 |   6 | 1872.5 |
     Snake Pit |   5329 |   5147 |    182 |    447 |   3791 |   3 | 1776.3 |
  Orcish Mines |   2752 |   2561 |    191 |    440 |   1697 |   2 | 1376.0 |
        Bailey |    958 |    958 |      0 |    379 |    328 |   1 |  958.0 |
      Ice Cave |    820 |    820 |      0 |     34 |    533 |   1 |  820.0 |
               +--------+--------+--------+--------+--------+-----+--------+

Top non-repeatable levels by time:
  Lair:2: 2515 daAuts
     D:9: 2387 daAuts
  Lair:5: 2360 daAuts
  Lair:4: 2264 daAuts
 Snake:2: 2263 daAuts
    D:12: 2144 daAuts
    D:11: 2123 daAuts
    D:10: 1930 daAuts
     D:5: 1817 daAuts
    D:13: 1800 daAuts
 Snake:3: 1719 daAuts
     D:6: 1711 daAuts
   Orc:1: 1664 daAuts
    D:14: 1645 daAuts
     D:7: 1527 daAuts
